 Dungeon Crawl Stone Soup version 0.25.0-9-g26727b657a (webtiles) character file.

Game seed: 16696238859885368162

149 mopl the Firebug (level 5, 0/63 HPs)
             Began as a Naga Fire Elementalist on June 17, 2020.
             Slain by Natasha (2 damage)
             ... on level 4 of the Dungeon.
             The game lasted 00:05:30 (2834 turns).

mopl the Firebug (Naga Fire Elementalist)           Turns: 2834, Time: 00:05:32

Health: 0/63       AC: 22    Str: 10    XL:     5   Next: 31%
Magic:  6/9        EV:  1    Int: 17    God:
Gold:   202        SH:  0    Dex: 11    Spells: 5/10 levels left

rFire    . . .     SeeInvis +   (no weapon)
rCold    . . .     Gourm    .   (no shield)
rNeg     + + +     Faith    .   (armour currently unavailable)
rPois    +         Spirit   .   (helmet currently unavailable)
rElec    .         Reflect  .   (cloak currently unavailable)
rCorr    .         Harm     .   (gloves currently unavailable)
MR       .....     NoTele   +   (no barding)
Stlth    ++........             (no amulet)
HPRegen  0.20/turn              (no ring)
MPRegen  0.11/turn              (no ring)

@: tree-form, very slightly contaminated, slowed, very slow
A: large, see invisible, slow metabolism 1, spit poison 1, AC +1
a: Spit Poison


You were on level 4 of the Dungeon.
You were not hungry.
You were a tree.
You visited 1 branch of the dungeon, and saw 4 of its levels.

You collected 202 gold pieces.

Inventory:

Hand Weapons
 b - a +3 dagger
Missiles
 g - 13 poisoned darts (quivered)
Armour
 a - a +0 robe (melded)
 d - a +0 cloak (melded)
 i - a +2 hat (melded)
 m - a +0 kite shield
Scrolls
 h - a scroll of random uselessness {unknown}
 j - a scroll of remove curse
 l - a scroll of immolation {unknown}
 o - a scroll of fog {unknown}
 p - a scroll of teleportation {unknown}
 r - a scroll of magic mapping {unknown}
Potions
 f - 2 potions of resistance
 k - a potion of ambrosia
 n - a potion of curing
Comestibles
 c - 5 rations


   Skills:
 - Level 1.5 Dodging
 - Level 3.0 Stealth
 + Level 3.2 Spellcasting
 + Level 2.8 Conjurations
 + Level 4.1 Fire Magic


You had 5 spell levels left.
You knew the following spells:

 Your Spells              Type           Power        Failure   Level  Hunger
a - Foxfire               Conj/Fire      ##..         4%          1    None
d - Sticky Flame          Conj/Fire      ##......     38%         4    ####...

Your spell library contained the following spells:

 Spells                   Type           Power        Failure   Level  Hunger
 Conjure Flame            Conj/Fire      ##......     12%         3    ###....
 Inner Flame              Hex/Fire       #.......     22%         3    ###....
 Fireball                 Conj/Fire      ##........   75%         5    ######.


Dungeon Overview and Level Annotations

Branches:
Dungeon (4/15)
 Temple: D:4-7

Altars:
Ashenzari

Annotations:
D:3 1 runed translucent door, Crazy Yiuf
D:4 Natasha


Innate Abilities, Weirdness & Mutations

You cannot wear boots.
((Your serpentine skin is tough. (AC +1)))
You have supernaturally acute eyesight. (SInv)
((Armour fits poorly on your strangely shaped body.))
((Your system is resistant to poisons. (rPois)))
((You cover ground very slowly.))
You have a slow metabolism.
You can spit poison.


Message History

The leopard gecko bites you but does no damage.
Natasha claws you.
* * * LOW HITPOINT WARNING * * *
The shadow imp hits you but does no damage.
You hit Natasha.
Natasha is heavily wounded.
The shadow imp disappears in a puff of smoke!
The leopard gecko bites you but does no damage.
Natasha casts a spell at you. You resist with some effort.
The leopard gecko bites you but does no damage.
The shadow imp hits you.
* * * LOW HITPOINT WARNING * * *
Casting: Foxfire (safe; 4% risk of failure)
Confirm with . or Enter, or press ? or * to list all spells.
You conjure some foxfire!
Natasha claws you but does no damage.
The leopard gecko bites you but does no damage.
The shadow imp hits you but does no damage.
Natasha claws you.
You die...

#...# #######...#
##.......## ...)...##.##
........#..##
.......#....#####
##.....#........#
.......#.......lhv#.....#
..............§.♣.#..#..#
.........##.....v5..#.###
........##..........#.##
.......................#
............##.........#
...........# #.#.......#
)..........###.#......##
<).........##.....#..##
#..........##...######


You could see Natasha, a shadow imp (summoned) and a leopard gecko.

Vanquished Creatures
  A worker ant (D:3)
  A gnoll (D:1)
  4 adders
  A worm (D:2)
  2 dart slugs
  8 orcs
  A ball python (D:3)
  3 bats
  A giant cockroach (D:3)
  8 goblins
  6 hobgoblins
  4 jackals (D:3)
  3 quokkas
  6 frilled lizards
  7 kobolds
  7 rats
63 creatures vanquished.

Vanquished Creatures (others)
  115 foxfires
115 creatures vanquished.

Grand Total: 178 creatures vanquished

Notes
Turn   | Place    | Note
-------+----------+-------------------------------------------
     0 | D:1      | mopl the Naga Fire Elementalist began the quest for the
                  | Orb.
     0 | D:1      | Reached XP level 1. HP: 15/15 MP: 3/3
   171 | D:1      | Reached XP level 2. HP: 9/22 MP: 1/5
   807 | D:2      | Reached XP level 3. HP: 27/28 MP: 3/6
   974 | D:2      | Found a faded altar of an unknown god.
  1003 | D:2      | Became a worshipper of Ashenzari the Shackled
  1003 | D:2      | Reached * piety under Ashenzari
  1022 | D:2      | Fell from the grace of Ashenzari
  1248 | D:2      | Reached XP level 4. HP: 36/36 MP: 6/8
  1612 | D:2      | Learned a level 4 spell: Sticky Flame
  2097 | D:3      | Found a runed translucent door.
  2098 | D:3      | Noticed Crazy Yiuf
  2266 | D:3      | Reached skill level 4 in Fire Magic
  2620 | D:3      | Was forgiven by Ashenzari
  2620 | D:3      | Reached XP level 5. HP: 24/42 MP: 3/9
  2813 | D:4      | Noticed Natasha
  2833 | D:4      | HP: 2/63 [shadow imp[Natasha] (2)]
  2834 | D:4      | Slain by Natasha

Illustrated notes

Levels and vault maps discovered:
D:1:      ncdulo_lavacross, layout_loops_ring, minmay_tromino_v4_b
D:2:      layout_basic, chequers_ecumenical_altar_island
D:3:      layout_loops_cross, uniq_crazy_yiuf_cottage
D:4:      layout_cave_pools, gammafunk_temple_overflow_wave, okawaru_trees_1,
          ebering_ghost_rock_garden, first_ration, kennysheep_generic_room_12,
          uniq_grinder, uniq_natasha

Skill      XL: |  1  2  3  4 |
---------------+-------------+-----
Conjurations   | 2 |  2.8
Spellcasting   | 3 |  3.2
Fire Magic     | 4 |  4.1
Dodging        | |  1.5
Stealth        | |  3.0

Action                   |  1- 3 |  4- 6 || total
-------------------------+-------+-------++-------
Melee: Dagger            |    31 |    54 ||    85
       Unarmed           |       |     3 ||     3
 Cast: Foxfire           |    23 |    42 ||    65
Invok: Renounce Religion |     1 |       ||     1
 Abil: Spit Poison       |     4 |     8 ||    12
  Use: Scroll            |       |     4 ||     4
       Potion            |       |     1 ||     1
 Stab: Sleeping          |     4 |     1 ||     5
  Eat: Chunk             |     1 |     6 ||     7
Armor: Robe              |     6 |    35 ||    41
       Skin              |       |    19 ||    19
Dodge: Dodged            |    30 |    68 ||    98
